 Dungeon Crawl Stone Soup version 0.30-b1-2-g02819fbbbe (webtiles) character file.

Game seed: 8351804470800886345

5709 Keeldawg the Cleaver (level 10, -3/132 HPs)
             Began as a Minotaur Berserker on May 17, 2023.
             Was an Elder of Trog.
             Slain by a freezing wraith (6 damage)
             ... led by a death knight
             ... on level 9 of the Dungeon.
             The game lasted 00:20:22 (8454 turns).

Keeldawg the Cleaver (Minotaur Berserker)           Turns: 8454, Time: 00:20:23

Health: -3/132     AC: 16    Str: 22    XL:     10   Next: 48%
Magic:  9/9        EV:  8    Int:  4    God:    Trog [****..]
Gold:   487        SH:  0    Dex: 14    Spells: 9/9 levels left

rFire   . . .        j - +0 battleaxe
rCold   + . .        (shield currently unavailable)
rNeg    . . .        M - +0 plate armour
rPois   .            (helmet restricted)
rElec   .            n - +0 cloak
rCorr   .            (no gloves)
SInv    .            (no boots)
Will    .....        (no amulet) Stlth
                     L - ring of protection from cold
HPRegen 0.42/turn    (no ring)
MPRegen 0.11/turn

%: no passive effects
@: berserking, slowed
A: horns 2, retaliatory headbutt
a: Renounce Religion, Berserk, Trog's Hand, Brothers in Arms


You were on level 9 of the Dungeon.
You worshipped Trog.
Trog was greatly pleased with you.
You visited 1 branch of the dungeon, and saw 9 of its levels.

You collected 487 gold pieces.

Inventory:

Hand Weapons
 a - a +0 hand axe
 j - a +0 battleaxe (weapon)
 G - a +0 hand axe
Missiles
 E - a throwing net (quivered)
Armour
 n - a +0 cloak (worn)
 M - a +0 plate armour (worn)
Jewellery
 x - a ring of positive energy
 F - a ring of positive energy
 I - the amulet of Neurosis {RegenMP Will+}
   (You found it on level 8 of the Dungeon)

   [amulet of magic regeneration]

   It increases your rate of magic regeneration.
   Will:      It increases your willpower.
 L - a ring of protection from cold (left hand)
 O - a ring of magical power
Wands
 r - a wand of iceblast (2)
 B - a wand of acid (10)
 H - a wand of flame (39)
 K - a wand of digging (5)
 N - a wand of paralysis (7)
Scrolls
 b - 2 scrolls of fog {unknown}
 c - 6 scrolls of teleportation {unknown}
 d - 2 scrolls of silence {unknown}
 f - 2 scrolls of enchant armour {unknown}
 l - 2 scrolls of immolation {unknown}
 m - 11 scrolls of identify {unknown}
 p - a scroll of fear {unknown}
 s - 2 scrolls of poison {unknown}
 t - a scroll of noise {unknown}
 y - a scroll of vulnerability {unknown}
 z - a scroll of magic mapping {unknown}
 D - a scroll of brand weapon {unknown}
 J - a scroll of blinking {unknown}
 P - a scroll of amnesia {unknown}
Potions
 e - a potion of cancellation {unknown}
 g - 7 potions of curing {unknown}
 h - 2 potions of attraction {unknown}
 i - a potion of brilliance {unknown}
 k - a potion of experience {unknown}
 o - 5 potions of heal wounds {unknown}
 q - a potion of magic {unknown}
 u - a potion of mutation {unknown}
 v - 3 potions of might {unknown}
 w - 3 potions of flight {unknown}
 A - 3 potions of degeneration {unknown}
 C - 2 potions of invisibility {unknown}


   Skills:
 + Level 7.7 Fighting
 * Level 14.1 Axes
 * Level 11.0 Armour
 - Level 2.1 Dodging
 + Level 0.5 Stealth


You had 9 spell levels left.
You didn't know any spells.
Your spell library was empty.

Dungeon Overview and Level Annotations

Branches:
Dungeon (9/15)             Temple (0/1) D:6
   Lair: D:8-11         Orc: D:9-12

Altars:
Cheibriados
Dithmenos
Fedhas
Gozag
Kikubaaqudgha
Makhleb
Okawaru
Qazlal
Ru
Sif Muna
Trog
Wu Jian
Xom
Zin

Shops:
D:4 :

Annotations:
D:3 2 transporters, Chingon's ghost, weakling DsNe


Innate Abilities, Weirdness & Mutations

You have a pair of horns on your head.
You reflexively headbutt those who attack you in melee.


Message History

The freezing wraith closely misses you. The freezing wraith barely misses you.
You hit the freezing wraith.
The freezing wraith is lightly damaged.
The freezing wraith hits you but does no damage.
The freezing wraith hits you! The freezing wraith drains your vigour!
You feel yourself slow down.
You slice the freezing wraith!!
The freezing wraith is heavily damaged.
The freezing wraith hits you but does no damage. x2
The freezing wraith barely misses you. You furiously retaliate!
You headbutt the freezing wraith.
The freezing wraith hits you but does no damage.
You hit the freezing wraith but do no damage.
The freezing wraith is severely damaged.
The freezing wraith hits you! The freezing wraith freezes you! You resist.
The freezing wraith hits you but does no damage.
You slash the freezing wraith!
Your headbutt misses the freezing wraith.
The freezing wraith is almost destroyed.
The freezing wraith hits you! The freezing wraith freezes you! You resist.
The freezing wraith hits you but does no damage.
The freezing wraith hits you! The freezing wraith freezes you! You resist.
* * * LOW HITPOINT WARNING * * *
The freezing wraith hits you!
* * * LOW HITPOINT WARNING * * *
The freezing wraith drains your vigour!
You feel as though you will be slow longer.
A red film seems to cover your vision as you go berserk!
You feel yourself moving faster!
You feel mighty! The freezing wraith hits you.
* * * LOW HITPOINT WARNING * * *
The freezing wraith freezes you! You resist.
* * * LOW HITPOINT WARNING * * *
The freezing wraith hits you!
* * * LOW HITPOINT WARNING * * *
You closely miss the freezing wraith.
The freezing wraith is almost destroyed.
The freezing wraith hits you.
* * * LOW HITPOINT WARNING * * *
The freezing wraith freezes you. You resist.
You die...

# #.# # #.####.###
... ####.........
#..
.....#####.#####..
.....# #...... ..#
###### #..... ..#
# #...# #z# #
#...# #W# #
######...#####@# #
#..............# #
#.####...#####.# #
#.# #......##.#
###.# ##..##.##.#
....# #..##.##.#
##### #..##.##.#
#........#
#...#.#..#


You could see a skeletal warrior and a freezing wraith.

Vanquished Creatures
  A deep elf pyromancer (D:8)
  Joseph (D:8)
  A hornet (D:7)
  9 yaks
  Grum (D:8)
  A steam dragon (D:8)
  Menkaure (D:4)
  Edmund (D:6)
  2 water moccasins
  An acid dragon (D:9)
  Duvessa (D:6)
  An ice beast (D:6)
  A black bear (D:6)
  3 orc warriors
  2 sky beasts
  2 ogres
  4 wolves (D:8)
  A phantom (D:5)
  Blork the orc (D:6)
  A kobold brigand (D:7)
  A bullfrog (D:7)
  A scorpion (D:6)
  3 wights (D:8)
  Dowan (D:6)
  3 hounds
  3 orc priests
  A gnoll bouda (D:7)
  2 jellies
  3 iguanas
  7 orc wizards
  3 sleepcaps
  6 adders
  3 gnolls (D:7)
  2 shadow imps
  4 white imps
  An ufetubus (D:7)
  A worm (D:3)
  2 dart slugs
  35 orcs
  4 ball pythons
  7 endoplasms
  3 giant cockroaches (D:2)
  15 goblins
  6 hobgoblins
  8 jackals
  A quokka (D:2)
  4 bats
  5 frilled lizards
  13 kobolds
  6 rats
190 creatures vanquished.

Vanquished Creatures (others)
  An orc (D:8)
  2 plants (D:3)
3 creatures vanquished.

Grand Total: 193 creatures vanquished

Notes
Turn   | Place    | Note
-------+----------+-------------------------------------------
     0 | D:1      | Keeldawg the Minotaur Berserker began the quest for the
                  | Orb.
     0 | D:1      | Reached XP level 1. HP: 19/19 MP: 0/0
   113 | D:1      | Reached skill level 4 in Axes
   161 | D:1      | Reached XP level 2. HP: 27/27 MP: 1/1
   203 | D:1      | Found a faded altar of an unknown god.
   262 | D:1      | Reached ** piety under Trog
   452 | D:1      | You fall into a shaft and drop 1 floor!
   985 | D:2      | Reached XP level 3. HP: 32/33 MP: 2/2
  1241 | D:2      | Reached skill level 5 in Axes
  1633 | D:3      | Reached XP level 4. HP: 33/41 MP: 3/3
  1770 | D:3      | Found a shadowy altar of Dithmenos.
  1771 | D:3      | Found a stormy altar of Qazlal.
  1772 | D:3      | Found a shimmering blue altar of Sif Muna.
  1773 | D:3      | Found an iron altar of Okawaru.
  1773 | D:3      | Found a bloodstained altar of Trog.
  1773 | D:3      | Found an ancient bone altar of Kikubaaqudgha.
  1774 | D:3      | Found a shimmering altar of Xom.
  1774 | D:3      | Found a snail-covered altar of Cheibriados.
  1775 | D:3      | Found a blossoming altar of Fedhas.
  1787 | D:3      | Found an ornate altar of the Wu Jian Council.
  1787 | D:3      | Found a sacrificial altar of Ru.
  1849 | D:3      | Reached *** piety under Trog
  2017 | D:3      | Found a transporter.
  2020 | D:3      | Noticed a sky beast
  2228 | D:3      | Reached skill level 6 in Axes
  2228 | D:3      | Reached XP level 5. HP: 47/47 MP: 4/4
  2229 | D:3      | Found a transporter.
  2229 | D:3      | Noticed Chingon's ghost (weakling DsNe)
  2502 | D:4      | Noticed Menkaure
  2515 | D:4      | Killed Menkaure
  2516 | D:4      | Reached XP level 6. HP: 35/53 MP: 5/5
  2592 | D:4      | Noticed a sky beast
  2598 | D:4      | Killed a sky beast
  2599 | D:4      | Reached skill level 7 in Axes
  2789 | D:4      | Found Fikiwap's Book Shoppe.
  2936 | D:5      | Entered Level 5 of the Dungeon
  2952 | D:5      | Identified the staff of fire "Vefuxaocuu" {rF+ Dex+2}
  3014 | D:5      | Reached skill level 5 in Fighting
  3014 | D:5      | Reached skill level 5 in Armour
  3026 | D:5      | Reached XP level 7. HP: 21/61 MP: 6/6
  3398 | D:5      | Reached skill level 8 in Axes
  4243 | D:6      | Identified the +8 ring mail of Yredelemnul's Regard {Dex+5}
  4313 | D:6      | Found a staircase to the Ecumenical Temple.
  4320 | D:6      | Noticed Edmund
  4321 | D:6      | Found a burning altar of Makhleb.
  4351 | D:6      | Reached skill level 9 in Axes
  4398 | D:6      | Reached XP level 8. HP: 47/69 MP: 7/7
  4491 | D:6      | Killed Edmund
  4737 | D:6      | Noticed Blork the orc
  4755 | D:6      | Killed Blork the orc
  4756 | D:6      | Reached skill level 10 in Axes
  5168 | D:6      | Noticed Duvessa
  5176 | D:6      | Killed Duvessa
  5176 | D:6      | Noticed Dowan
  5187 | D:6      | Killed Dowan
  5379 | D:6      | Found a glowing silver altar of Zin.
  5726 | D:6      | Identified the +3 spear "Pesait" {flame, rElec Will+ Int-2}
  5896 | D:7      | Noticed a hornet
  5903 | D:7      | Paralysed by a hornet for 2 turns
  5907 | D:7      | Killed a hornet
  5908 | D:7      | Reached skill level 11 in Axes
  5908 | D:7      | Reached XP level 9. HP: 71/75 MP: 8/8
  6242 | D:7      | Found an opulent altar of Gozag.
  6307 | D:7      | Reached **** piety under Trog
  6875 | D:8      | Noticed Grum
  6896 | D:8      | Killed Grum
  6897 | D:8      | Reached skill level 12 in Axes
  7123 | D:8      | Reached skill level 10 in Armour
  7204 | D:8      | Noticed Joseph
  7340 | D:8      | Noticed a deep elf pyromancer
  7358 | D:8      | Killed a deep elf pyromancer
  7359 | D:8      | Reached skill level 13 in Axes
  7359 | D:8      | Reached XP level 10. HP: 69/86 MP: 9/9
  7609 | D:8      | Identified the amulet of Neurosis {RegenMP Will+}
  7827 | D:8      | Killed Joseph
  8141 | D:9      | Reached skill level 14 in Axes
  8446 | D:9      | Noticed a skeletal warrior
  8453 | D:9      | HP: 4/132 [freezing wraith[a death knight] (9)]
  8454 | D:9      | Slain by a freezing wraith

Illustrated notes

Levels and vault maps discovered:
D:1:      dpeg_arrival_windows_large_door, layout_basic,
          hellmonk_ecumenical_altar_arch_garden, minmay_misc_feat_square,
          minmay_door_square, serial_park_tiny_1, minmay_misc_feat_tiny
D:2:      cheibrodos_greedy_goblins, layout_rooms, bh_walls_and_bars
D:3:      cheibrodos_old_hovel, layout_basic, nicolae_overflows_in_rows,
          gammafunk_ghost_arena, minivault_24
D:4:      layout_rooms, serial_shops, nicolae_shop_crystal, uniq_menkaure
D:5:      layout_basic, hellmonk_no_cap
D:6:      layout_basic, zin_statuary, mainiacjoe_overflow_concentric_impassable,
          temple_pool_b, minmay_misc_feat_rows, uniq_duvessa,
          uniq_blork_the_orc, uniq_edmund
D:7:      layout_cave_pods, grunt_gozag_statues
D:8:      layout_rooms, minmay_misc_feat_pillars, uniq_joseph, uniq_grum
D:9:      layout_loops_ring, kennysheep_mini

Skill      XL: |  1  2  3  4  5  6  7  8  9 10 |
---------------+-------------------------------+-----
Axes           | 4 5 6 7 9 11 13 14 | 14.1
Fighting       | 4 5 6 7 |  7.7
Armour         | 3 4 5 6 8 10 11 | 11.0
Dodging        | |  2.1
Stealth        | |  0.5

Action                     |  1- 3 |  4- 6 |  7- 9 | 10-12 || total
---------------------------+-------+-------+-------+-------++-------
  Melee: Hand axe          |   107 |   101 |   311 |       ||   519
         Headbutt          |    13 |    20 |    73 |     8 ||   114
         Punch             |       |     1 |     6 |       ||     7
         Battleaxe         |       |       |    14 |    82 ||    96
 Invoke: Trog's Hand       |       |     1 |     4 |     2 ||     7
         Berserk           |       |       |     8 |     1 ||     9
 Armour: Animal skin       |    10 |       |       |       ||    10
         Scale mail        |    30 |    11 |       |       ||    41
         Chain mail        |       |    28 |    73 |       ||   101
         Plate armour      |       |       |    51 |    38 ||    89
  Dodge: Dodged            |    75 |    35 |   118 |    26 ||   254
